 Dungeon Crawl Stone Soup version 0.19.5 (webtiles) character file.

197 JeffiDaFish the Ducker (level 5, -2/41 HPs)
             Began as a Demonspawn Monk on Oct 24, 2017.
             Slain by a white imp (3 damage)
             ... summoned by Eustachio
             ... on level 4 of the Dungeon.
             The game lasted 00:07:47 (3388 turns).

JeffiDaFish the Ducker (Demonspawn Monk)            Turns: 3388, Time: 00:07:47

Health: -2/41      AC:  4    Str: 11      XL:     5   Next: 46%
Magic:  5/5        EV: 14    Int: 18 (19) God:
Gold:   113        SH:  5    Dex: 20 (21) Spells: 0 memorised, 4 levels left

rFire  + + .     SeeInvis .     a - +0 falchion
rCold  + . .     Gourm    .     e - +1 robe {rC+ rF+}
rNeg   . . .     Faith    .     d - +0 buckler
rPois  .         Spirit   .     i - +0 helmet "Jirusa" {rF+ rCorr Int+5 Dex+4}
rElec  .         Reflect  .     (no cloak)
rCorr  +         Harm     .     (gloves unavailable)
MR     .....                    (no boots)
Stlth  ++........               (no amulet)
                                (no ring)
                                g - +3 ring of intelligence

@: no status effects
A: claws 3
a: no special abilities


You were on level 4 of the Dungeon.
You were hungry.

You visited 1 branch of the dungeon, and saw 4 of its levels.

You collected 113 gold pieces.

Inventory:

Hand Weapons
 a - a +0 falchion (weapon)
Armour
 d - a +0 buckler (worn)
 e - a +1 robe of resistance (worn)
 i - the +0 helmet "Jirusa" (worn) {rF+ rCorr Int+5 Dex+4}
   (You took it off Robin on level 4 of the Dungeon)

   It affects your intelligence (+5).
   It affects your dexterity (+4).
   It protects you from fire.
   It protects you from acid and corrosion.
Jewellery
 g - a +3 ring of intelligence (left claw)
Scrolls
 l - a scroll of amnesia
 m - a scroll of blinking
 n - 3 scrolls of teleportation
 o - a scroll of recharging
Potions
 f - a potion of magic
Comestibles
 b - 2 beef jerkies
 c - a bread ration
 h - 2 meat rations
 j - a chunk of flesh


   Skills:
 - Level 3.0 Fighting
 + Level 3.9 Long Blades
 + Level 4.0 Dodging
 - Level 1.7 Stealth
 * Level 2.3 Shields


You had 4 spell levels left.
You didn't know any spells.

Dungeon Overview and Level Annotations

Branches:
Dungeon (4/15)
 Temple: D:4-7

Altars:
Ashenzari
Dithmenos
Nemelex Xobeh

Annotations:
D:4 Eustachio, Menkaure


Innate Abilities, Weirdness & Mutations

You have claws for hands.


Message History

You hit Eustachio.
Eustachio is severely wounded.
You hear the brisk hiss of an avalanche of sand nearby.
You block Eustachio's attack. The white imp misses you.
The iron imp closely misses you.
The iron imp hits you but does no damage.
You hit Eustachio but do no damage.
Eustachio is severely wounded.
The white imp hits you.
* * * LOW HITPOINT WARNING * * *
The white imp freezes you. You resist.
* * * LOW HITPOINT WARNING * * *
Eustachio gestures wildly while chanting.
Eustachio blinks!
You block the iron imp's attack. The iron imp barely misses you.
You riposte.
You hit the iron imp.
The iron imp is moderately wounded.
Your magic is already full.
Menkaure, Prince of Dust comes into view.
The white imp hits you.
You die...

### ..# .. ########.
..###.....##.###########
..........+.............
###..@..###.####.....#
M......555.....# #.....#
...............###.....#
..@............##......#
######∩##########.....%#
#. #.#......# #.
#.#......# .. #.#......#
#.#......#


You could see Eustachio, Menkaure (dormant), 2 iron imps and a white imp.

Vanquished Creatures
  Jessica (D:3)
  2 orc wizards (D:4)
  Robin (D:4)
  An adder (D:3)
  An ooze (D:2)
  A worm (D:2)
  3 dart slugs
  2 leopard geckos (D:1)
  8 orcs
  11 bats
  5 giant cockroaches
  12 goblins
  7 hobgoblins
  2 jackals (D:1)
  7 kobolds
  4 frilled lizards
  7 rats
  8 toadstools (D:1)
83 creatures vanquished.

Vanquished Creatures (others)
  6 toadstools (D:1)
6 creatures vanquished.

Grand Total: 89 creatures vanquished

Notes
Turn   | Place    | Note
-------+----------+-------------------------------------------
     0 | D:1      | JeffiDaFish the Demonspawn Monk began the quest for the Orb.
     0 | D:1      | Reached XP level 1. HP: 18/18 MP: 1/1
   294 | D:1      | Gained mutation: You have sharp fingernails. [demonic ancestry]
   294 | D:1      | Reached XP level 2. HP: 6/24 MP: 2/2
   523 | D:1      | Reached skill level 3 in Dodging
   729 | D:1      | Reached skill level 1 in Shields
   899 | D:1      | HP: 1/24 [hobgoblin/mace (5)]
  1288 | D:1      | Gained mutation: You have very sharp fingernails. [demonic ancestry]
  1288 | D:1      | Reached XP level 3. HP: 24/29 MP: 3/3
  1301 | D:1      | Found a sparkling altar of Nemelex Xobeh.
  1448 | D:2      | Found a shadowy altar of Dithmenos.
  2109 | D:2      | Found a shattered altar of Ashenzari.
  2557 | D:3      | Noticed Jessica
  2562 | D:3      | Killed Jessica
  2562 | D:3      | Reached XP level 4. HP: 30/35 MP: 4/4
  2942 | D:4      | Noticed Robin
  2983 | D:4      | Gained mutation: You have claws for hands. [demonic ancestry]
  2983 | D:4      | Reached XP level 5. HP: 17/41 MP: 5/5
  3002 | D:4      | Reached skill level 4 in Dodging
  3034 | D:4      | Killed Robin
  3038 | D:4      | HP: 2/41 [hobgoblin[Robin] (3)]
  3046 | D:4      | Got an ichor-stained helmet
  3298 | D:4      | Identified the +0 helmet "Jirusa" {rF+ rCorr Int+5 Dex+4} (You took it off Robin on level 4 of the Dungeon)
  3368 | D:4      | Noticed Eustachio
  3387 | D:4      | HP: 1/41 [white imp[Eustachio] (2)]
  3388 | D:4      | Noticed Menkaure
  3388 | D:4      | Slain by a white imp

Skill      XL: |  1  2  3  4  5 |
---------------+----------------+-----
Long Blades    | 3 |  3.9
Dodging        | 3 4 |  4.0
Shields        | 1 2 |  2.3
Fighting       | |  3.0
Stealth        | |  1.7

Action                   |  1- 3 |  4- 6 || total
-------------------------+-------+-------++-------
Melee: Falchion          |   187 |   137 ||   324
  Use: Scroll            |     9 |     2 ||    11
       Potion            |     7 |     5 ||    12
 Stab: Distracted        |     1 |       ||     1
       Sleeping          |     7 |     1 ||     8
  Eat: Chunk             |     6 |     2 ||     8
Armor: Robe              |    34 |    29 ||    63
Dodge: Dodged            |   113 |   103 ||   216
Block: Buckler           |    40 |    30 ||    70
       Rpst.: Falchion   |    38 |    29 ||    67
